 Dungeon Crawl Stone Soup version 0.24.0-123-gd5b16e6ec5 (webtiles) character file.

Game seed: 3002089178612274905, levelgen mode: deterministic

318 ant the Chopper (level 6, -3/49 HPs)
             Began as a Demonspawn Berserker on Jan 8, 2020.
             Was a Believer of Trog.
             Slain by an ogre
             ... wielding a +0 giant club
              (7 damage)
             ... on level 4 of the Dungeon.
             The game lasted 00:05:34 (2516 turns).

ant the Chopper (Demonspawn Berserker)              Turns: 2516, Time: 00:05:35

Health: -3/49      AC:  9    Str: 19    XL:     6   Next: 21%
Magic:  6/6        EV: 12    Int:  8    God:    Trog [**....]
Gold:   176        SH:  0    Dex: 15    Spells: 5/5 levels left

rFire    . . .     SeeInvis .   n - +3 whip
rCold    + . .     Gourm    .   (no shield)
rNeg     . . .     Faith    .   e - +0 ring mail
rPois    .         Spirit   .   (no helmet)
rElec    .         Reflect  .   (no cloak)
rCorr    .         Harm     +   h - +1 pair of gloves
MR       ++...                  k - +0 pair of boots
Stlth    +.........             i - amulet of harm
HPRegen  1.16/turn              d - +6 ring of slaying
MPRegen  0.10/turn              s - +2 ring of dexterity

@: regenerating
A: claws 1, rugged brown scales 1, cold resistance 1
a: Berserk, Trog's Hand, Renounce Religion


You were on level 4 of the Dungeon.
You worshipped Trog.
Trog was pleased with you.
You were hungry.

You visited 1 branch of the dungeon, and saw 4 of its levels.

You collected 176 gold pieces.

Inventory:

Hand Weapons
 a - a +0 hand axe
 n - a +3 whip (weapon)
Missiles
 b - 17 poisoned darts (quivered)
Armour
 e - a +0 ring mail (worn)
 h - a +1 pair of gloves (worn)
 k - a +0 pair of boots (worn)
Jewellery
 d - a +6 ring of slaying (left hand)
 i - an amulet of harm (around neck)
 s - a +2 ring of dexterity (right hand)
Wands
 o - a wand of flame (15)
 q - a wand of iceblast (4)
Scrolls
 g - 4 scrolls of identify
 j - 3 scrolls of remove curse
Potions
 f - a potion of lignification {unknown}
 l - 2 potions of mutation {unknown}
 m - a potion of curing
 r - a potion of heal wounds
Comestibles
 c - 7 rations
 p - 3 chunks of flesh


   Skills:
 + Level 4.0 Fighting
 + Level 5.0 Axes
 + Level 1.1 Throwing
 + Level 2.8 Armour
 + Level 2.3 Dodging
 + Level 0.1 Stealth


You had 5 spell levels left.
You didn't know any spells.
Your spell library was empty.

Dungeon Overview and Level Annotations

Branches:
Dungeon (4/15)
 Temple: D:4-7

Altars:
Cheibriados


Innate Abilities, Weirdness & Mutations

You have sharp fingernails.
You are partially covered in rugged brown scales. (AC +1, +3% HP)
Your flesh is cold resistant. (rC+)


Message History

You are too injured to fight recklessly!
You are too injured to fight recklessly!
You are too injured to fight recklessly!
You are too injured to fight recklessly!
You are too injured to fight recklessly!
You are too injured to fight recklessly!
You are too injured to fight recklessly!
You are too injured to fight recklessly!
You are too injured to fight recklessly!
You are too injured to fight recklessly!
You are too injured to fight recklessly!
You are too injured to fight recklessly!
You are too injured to fight recklessly!
You are too injured to fight recklessly!
A phantom comes into view.
The phantom blinks!
Your skin crawls.
You feel resistant to hostile enchantments.
You feel somewhat more hungry. The ogre hits you with a +0 giant club.
You die...

#### ... .# ..# .# ###
### #.####.## #.. ..#
#.#..... #.#
#.###.#..#.# #.#
##.##..#..#.#
###.###..##W.#....##.#
#.#.#..........O@....#
.............^.S###..#
..#..##.#.......... #
....................#
#.....................
#.#..#...........##.##
.................# .#
.................. #
###........


You could see a phantom, an ogre and an adder.

Vanquished Creatures
  An orc priest (D:3)
  An orc wizard (D:3)
  A worker ant (D:4)
  A killer bee zombie (D:3)
  A hound skeleton (D:4)
  13 adders
  3 oozes
  A worm (D:2)
  A dart slug (D:3)
  A leopard gecko (D:2)
  6 orcs (D:3)
  5 giant cockroaches
  6 goblins
  8 hobgoblins
  2 jackals (D:1)
  3 kobolds
  11 bats
  8 frilled lizards
  A quokka skeleton (D:4)
  5 rats
79 creatures vanquished.

Notes
Turn   | Place    | Note
-------+----------+-------------------------------------------
     0 | D:1      | ant the Demonspawn Berserker began the quest for the Orb.
     0 | D:1      | Reached XP level 1. HP: 18/18 MP: 1/1
   326 | D:1      | Gained mutation: You have sharp fingernails. [demonic
                  | ancestry]
   326 | D:1      | Reached XP level 2. HP: 23/24 MP: 2/2
   355 | D:1      | Reached skill level 3 in Axes
   965 | D:2      | Gained mutation: You are partially covered in rugged brown
                  | scales. (AC +1, +3% HP) [demonic ancestry]
   965 | D:2      | Reached XP level 3. HP: 18/29 MP: 3/3
  1031 | D:2      | Found a snail-covered altar of Cheibriados.
  1036 | D:2      | Reached ** piety under Trog
  1124 | D:2      | Reached XP level 4. HP: 37/37 MP: 4/4
  1461 | D:3      | Reached skill level 4 in Axes
  1476 | D:3      | Gained mutation: Your flesh is cold resistant. (rC+)
                  | [demonic ancestry]
  1476 | D:3      | Reached XP level 5. HP: 43/43 MP: 5/5
  1489 | D:3      | Reached skill level 1 in Throwing
  2063 | D:3      | Reached XP level 6. HP: 49/49 MP: 6/6
  2440 | D:4      | Reached skill level 5 in Axes
  2509 | D:4      | HP: 2/49 [ogre/+0 giant club (26)]
  2516 | D:4      | Slain by an ogre

Levels and vault maps discovered:
D:1:      evilmike_arrival_rings, layout_loops_ring,
          minmay_misc_feat_secret_circle
D:2:      layout_basic, first_ration, minivault_25, cheibriados_altar_1
D:3:      layout_basic
D:4:      layout_basic

Skill      XL: |  1  2  3  4  5  6 |
---------------+-------------------+-----
Axes           | 3 4 5 |  5.0
Dodging        | 2 |  2.3
Armour         | 2 |  2.8
Throwing       | 1 |  1.1
Fighting       | 4 |  4.0
Stealth        | |  0.1

Action                   |  1- 3 |  4- 6 || total
-------------------------+-------+-------++-------
Melee: Hand axe          |    66 |    79 ||   145
       Whip              |       |    27 ||    27
Throw: Dart              |     9 |     3 ||    12
Invok: Trog's Hand       |       |     2 ||     2
Evoke: Wand              |       |     1 ||     1
  Use: Scroll            |     2 |     2 ||     4
       Potion            |     1 |     2 ||     3
  Eat: Chunk             |     1 |     4 ||     5
Armor: Animal skin       |     1 |       ||     1
       Ring mail         |    26 |    31 ||    57
Dodge: Dodged            |    38 |    62 ||   100
